TOP OF THE 1ST |
Connecticut Tigers batting - Pitching for Tri-City ValleyCats : LHP Mike Cobb
|
Pitching: LHP Mike Cobb
|
|
Batting: RHB John Welch
|
0-0: Called Strike 0-1: Foul Ball, location: 2F 0-2: Ball 1-2: Ground out 5-3 (Groundball, 56, EV 90.0 MPH)
|
Batting: LHB Jeff Trapp
|
0-0: Called Strike 0-1: Foul Ball, location: 2F 0-2: Strikes out looking
|
Batting: LHB Jon Frederick
|
0-0: SINGLE (Groundball, 6MD, EV 96.2 MPH)
|
Batting: RHB Mike Sebastian
|
0-0: Ball 1-0: Foul Ball, location: 2F 1-1: Ball 2-1: Swinging Strike 2-2: Ball 3-2: Strikes out looking
|
Top of the 1st over - 0 runs, 1 hit, 0 errors, 1 left on base; Connecticut 0 - Tri-City 0 |
BOTTOM OF THE 1ST |
Tri-City ValleyCats batting - Pitching for Connecticut Tigers : RHP Juan Murillo
|
Pitching: RHP Juan Murillo
|
|
Batting: LHB Lou Toth
|
0-0: Called Strike 0-1: Foul Ball, location: 2F 0-2: TRIPLE (Flyball, 78XD, EV 107.5 MPH)
|
Batting: RHB Sam Spohn
|
0-0: Foul Ball, location: 2F 0-1: Called Strike 0-2: Fly out, F9 (Flyball, 9LM, EV 86.2 MPH) Runner from 3rd tags up, SCORES, throw by RF
|
Batting: RHB Elijah Hunter
|
0-0: Ball 1-0: Ball 2-0: Ball 3-0: Base on Balls
|
Batting: LHB Bob Dietz
|
0-0: Called Strike 0-1: Called Strike 0-2: Ball 1-2: Foul Ball, location: 2F 1-2: Strikes out swinging
|
Batting: LHB Josh Birkner
|
0-0: Ball 1-0: Ball 2-0: Foul Ball, location: 2F 2-1: Ball 3-1: Fly out, F8 (Flyball, 8LD, EV 87.5 MPH)
|
Bottom of the 1st over - 1 run, 1 hit, 0 errors, 1 left on base; Connecticut 0 - Tri-City 1 |
TOP OF THE 2ND |
Connecticut Tigers batting - Pitching for Tri-City ValleyCats : LHP Mike Cobb
|
Batting: LHB Gabe Mendez
|
0-0: Called Strike 0-1: Ball 1-1: Fly out, F4 (Line Drive, 4, EV 73.1 MPH)
|
Batting: RHB Eric Blaha
|
0-0: Ball 1-0: Called Strike 1-1: Foul Ball, location: 2F 1-2: Ball 2-2: Strikes out swinging
|
Batting: RHB Rocky Hart
|
0-0: Ball 1-0: Called Strike 1-1: Ball 2-1: Swinging Strike 2-2: Strikes out swinging
|
Top of the 2nd over - 0 runs, 0 hits, 0 errors, 0 left on base; Connecticut 0 - Tri-City 1 |
BOTTOM OF THE 2ND |
Tri-City ValleyCats batting - Pitching for Connecticut Tigers : RHP Juan Murillo
|
Batting: RHB Ryan Salas
|
0-0: Foul Ball, location: 2F 0-1: Fly out, F3 (Popup, 3L, EV 78.1 MPH)
|
Batting: RHB Masaru Konno
|
0-0: Swinging Strike 0-1: Called Strike 0-2: Strikes out swinging
|
Batting: LHB Josiah Leath
|
0-0: Ball 1-0: Ball 2-0: Swinging Strike 2-1: Foul Ball, location: 2F 2-2: Ball 3-2: Base on Balls
|
Batting: RHB To-wai Chen
|
0-0: Called Strike Josiah Leath steals 2nd base 0-1: Ball 1-1: Called Strike 1-2: Strikes out swinging
|
Bottom of the 2nd over - 0 runs, 0 hits, 0 errors, 1 left on base; Connecticut 0 - Tri-City 1 |
TOP OF THE 3RD |
Connecticut Tigers batting - Pitching for Tri-City ValleyCats : LHP Mike Cobb
|
Batting: RHB Brian Singer
|
0-0: Ball 1-0: Ball 2-0: Ball 3-0: Base on Balls
|
Batting: SHB Dan Crutchfield
|
0-0: Ball 1-0: Grounds into double play, 6-4-3 (Groundball, 6, EV 109.4 MPH)
|
Batting: RHB John Welch
|
0-0: Ball 1-0: Ball 2-0: Called Strike 2-1: Ball 3-1: Foul Ball, location: 2F 3-2: Foul Ball, location: 2F 3-2: Strikes out looking
|
Top of the 3rd over - 0 runs, 0 hits, 0 errors, 0 left on base; Connecticut 0 - Tri-City 1 |
BOTTOM OF THE 3RD |
Tri-City ValleyCats batting - Pitching for Connecticut Tigers : RHP Juan Murillo
|
Batting: LHB Lou Toth
|
0-0: Called Strike 0-1: Ball 1-1: Called Strike 1-2: Foul Ball, location: 2F 1-2: Ball 2-2: Ground out 6-3 (Groundball, 6M, EV 105.6 MPH)
|
Batting: RHB Sam Spohn
|
0-0: Called Strike 0-1: Ball 1-1: Ground out 6-3 (Groundball, 6, EV 85.6 MPH)
|
Batting: RHB Elijah Hunter
|
0-0: Called Strike 0-1: Ball 1-1: Ball 2-1: Foul Ball, location: 2F 2-2: Foul Ball, location: 2F 2-2: SINGLE (Groundball, 56D, EV 95.0 MPH)
|
Batting: LHB Bob Dietz
|
0-0: Swinging Strike 0-1: Ball 1-1: SINGLE (Groundball, 34D, EV 110.0 MPH) Elijah Hunter to second Runner from 2nd tries for 3rd, SAFE, no throw by RF
|
Batting: LHB Josh Birkner
|
0-0: Fly out, F7 (Flyball, 78M, EV 76.2 MPH)
|
Bottom of the 3rd over - 0 runs, 2 hits, 0 errors, 2 left on base; Connecticut 0 - Tri-City 1 |
TOP OF THE 4TH |
Connecticut Tigers batting - Pitching for Tri-City ValleyCats : LHP Mike Cobb
|
Batting: LHB Jeff Trapp
|
0-0: Foul Ball, location: 2F 0-1: Ball 1-1: Ball 2-1: Bunted foul 2-2: Strikes out looking
|
Batting: LHB Jon Frederick
|
0-0: Foul Ball, location: 2F 0-1: Foul Ball, location: 2F 0-2: Ball 1-2: Ball 2-2: Foul Ball, location: 2F 2-2: Strikes out swinging
|
Batting: RHB Mike Sebastian
|
0-0: Ball 1-0: Ball 2-0: Ball 3-0: Called Strike 3-1: Foul Ball, location: 2F 3-2: Strikes out swinging
|
Top of the 4th over - 0 runs, 0 hits, 0 errors, 0 left on base; Connecticut 0 - Tri-City 1 |
BOTTOM OF THE 4TH |
Tri-City ValleyCats batting - Pitching for Connecticut Tigers : RHP Juan Murillo
|
Batting: RHB Ryan Salas
|
0-0: SINGLE (Line Drive, 8RS, EV 100.0 MPH)
|
Batting: RHB Masaru Konno
|
0-0: Fielders Choice at 2nd, 4-6 (Groundball, 4, EV 86.9 MPH)
|
Batting: LHB Josiah Leath
|
0-0: Ball 1-0: Ball 2-0: Ball Wild Pitch! Masaru Konno to second 3-0: Base on Balls
|
Batting: RHB To-wai Chen
|
0-0: Ball Masaru Konno is caught stealing 3rd base 2-5 Josiah Leath to second 1-0: Called Strike 1-1: Called Strike 1-2: Ball 2-2: SINGLE (Groundball, 5S, EV 68.8 MPH) (infield hit) Josiah Leath to third
|
Batting: LHB Lou Toth
|
0-0: Ball 1-0: Ball 2-0: Ball 3-0: Base on Balls To-wai Chen to second
|
Batting: RHB Sam Spohn
|
0-0: Foul Ball, location: 2F 0-1: Ball 1-1: Ball 2-1: Ball 3-1: Base on Balls Josiah Leath scores To-wai Chen to third Lou Toth to second
|
Batting: RHB Elijah Hunter
|
0-0: SINGLE (Groundball, 6MD, EV 107.5 MPH) To-wai Chen scores Lou Toth to third Sam Spohn to second Runner from 3rd tries for Home, throw by CF and OUT! 8-2
|
Bottom of the 4th over - 2 runs, 3 hits, 0 errors, 2 left on base; Connecticut 0 - Tri-City 3 |
TOP OF THE 5TH |
Connecticut Tigers batting - Pitching for Tri-City ValleyCats : LHP Mike Cobb
|
Batting: LHB Gabe Mendez
|
0-0: Ball 1-0: DOUBLE (Line Drive, 5D, EV 95.0 MPH)
|
Batting: RHB Eric Blaha
|
0-0: Ball 1-0: Foul Ball, location: 2F 1-1: Ball 2-1: Ball 3-1: Base on Balls
|
Batting: RHB Rocky Hart
|
0-0: Fly out, F9 (Flyball, 89M, EV 95.0 MPH)
|
Batting: RHB Brian Singer
|
0-0: Called Strike 0-1: SINGLE (Groundball, 6M, EV 98.1 MPH) (infield hit) Gabe Mendez to third Eric Blaha to second
|
Pinch Hitting: LHB Miguel Bojorquez
|
0-0: Ball 1-0: Ball 2-0: Ball 3-0: Called Strike 3-1: Grounds into fielders choice U2 (Groundball, 2R, EV 76.9 MPH) Eric Blaha to third Brian Singer to second
|
Batting: RHB John Welch
|
0-0: Called Strike 0-1: Ball 1-1: Swinging Strike 1-2: Foul Ball, location: 2F 1-2: Strikes out swinging
|
Top of the 5th over - 0 runs, 2 hits, 0 errors, 3 left on base; Connecticut 0 - Tri-City 3 |
BOTTOM OF THE 5TH |
Tri-City ValleyCats batting - Pitching for Connecticut Tigers : RHP Juan Murillo
|
Now at 2B: Miguel Bojorquez
|
|
Batting: LHB Bob Dietz
|
0-0: Ball 1-0: Fly out, F7 (Flyball, 7D, EV 88.1 MPH)
|
Batting: LHB Josh Birkner
|
0-0: Called Strike 0-1: Called Strike 0-2: Foul Ball, location: 2F 0-2: Ball 1-2: Ball 2-2: Strikes out swinging
|
Batting: RHB Ryan Salas
|
0-0: Ball 1-0: Called Strike 1-1: Swinging Strike 1-2: Ball 2-2: Ball 3-2: Ground out 4-3 (Groundball, 34, EV 105.0 MPH)
|
Bottom of the 5th over - 0 runs, 0 hits, 0 errors, 0 left on base; Connecticut 0 - Tri-City 3 |
TOP OF THE 6TH |
Connecticut Tigers batting - Pitching for Tri-City ValleyCats : LHP Mike Cobb
|
Batting: LHB Jeff Trapp
|
0-0: Foul Ball, location: 2F 0-1: Called Strike 0-2: Ball 1-2: Foul Ball, location: 2F 1-2: Foul Ball, location: 2F 1-2: Foul Ball, location: 2F 1-2: Ball 2-2: Foul Ball, location: 2F 2-2: Strikes out looking
|
Batting: LHB Jon Frederick
|
0-0: Ball 1-0: Ball 2-0: Called Strike 2-1: Hit by Pitch
|
Batting: RHB Mike Sebastian
|
0-0: Called Strike 0-1: Fly out, F7 (Line Drive, 7, EV 105.0 MPH)
|
Batting: LHB Gabe Mendez
|
0-0: Ball 1-0: Ball 2-0: Swinging Strike 2-1: Ball 3-1: Called Strike 3-2: Strikes out looking
|
Top of the 6th over - 0 runs, 0 hits, 0 errors, 1 left on base; Connecticut 0 - Tri-City 3 |
BOTTOM OF THE 6TH |
Tri-City ValleyCats batting - Pitching for Connecticut Tigers : RHP Juan Murillo
|
Pitching: LHP Chris Woodruff
|
|
Batting: RHB Masaru Konno
|
0-0: Ball 1-0: Ball 2-0: Ball 3-0: Called Strike 3-1: Base on Balls
|
Batting: LHB Josiah Leath
|
0-0: Ball 1-0: Ball 2-0: Called Strike 2-1: Foul Ball, location: 2F 2-2: Foul Ball, location: 2F 2-2: Strikes out swinging
|
Batting: RHB To-wai Chen
|
0-0: Ball 1-0: Ball 2-0: Fielders Choice at 2nd, 2-4 (Groundball, 15S, EV 61.2 MPH)
|
Batting: LHB Lou Toth
|
0-0: Ball 1-0: Ball 2-0: Ball 3-0: Called Strike 3-1: Foul Ball, location: 2F 3-2: Strikes out looking
|
Bottom of the 6th over - 0 runs, 0 hits, 0 errors, 1 left on base; Connecticut 0 - Tri-City 3 |
TOP OF THE 7TH |
Connecticut Tigers batting - Pitching for Tri-City ValleyCats : LHP Mike Cobb
|
Batting: RHB Eric Blaha
|
0-0: Called Strike 0-1: Ball 1-1: Called Strike 1-2: Ground out 4-3 (Groundball, 4, EV 83.1 MPH)
|
Batting: RHB Rocky Hart
|
0-0: Swinging Strike 0-1: Foul Ball, location: 2F 0-2: Foul Ball, location: 2F 0-2: Ball 1-2: Foul Ball, location: 2F 1-2: Strikes out swinging
|
Batting: RHB Brian Singer
|
0-0: Swinging Strike 0-1: Foul Ball, location: 2F 0-2: Ball 1-2: Ball 2-2: Foul Ball, location: 2F 2-2: Strikes out swinging
|
Top of the 7th over - 0 runs, 0 hits, 0 errors, 0 left on base; Connecticut 0 - Tri-City 3 |
BOTTOM OF THE 7TH |
Tri-City ValleyCats batting - Pitching for Connecticut Tigers : LHP Chris Woodruff
|
Batting: RHB Sam Spohn
|
0-0: Foul Ball, location: 2F 0-1: Called Strike 0-2: Ball 1-2: Ball 2-2: Ball 3-2: Base on Balls
|
Batting: RHB Elijah Hunter
|
0-0: Ball 1-0: Ball 2-0: Swinging Strike 2-1: Foul Ball, location: 2F 2-2: Fielders Choice at 2nd, 1-6 (Groundball, 13S, EV 76.2 MPH)
|
Batting: LHB Bob Dietz
|
0-0: Called Strike 0-1: Ball 1-1: Ball 2-1: Ball 3-1: Swinging Strike 3-2: Fly out, F9 (Flyball, 89S, EV 91.2 MPH)
|
Batting: LHB Josh Birkner
|
0-0: Ball Wild Pitch! Elijah Hunter to second 1-0: Foul Ball, location: 2F 1-1: Called Strike 1-2: SINGLE (Groundball, 4D, EV 103.8 MPH) Elijah Hunter to third Runner from 3rd tries for Home, SAFE, throw by CF to home
|
Batting: RHB Ryan Salas
|
0-0: Called Strike 0-1: Called Strike 0-2: Single, Error in OF, E7, batter to second base (Groundball, 56D, EV 101.9 MPH) Josh Birkner to third
|
Pitching: RHP David Esposito
|
|
Batting: RHB Masaru Konno
|
0-0: SINGLE (Line Drive, 3D, EV 97.5 MPH) Josh Birkner scores Ryan Salas to third Runner from 3rd tries for Home, SAFE, throw by RF to home Masaru Konno to second
|
Batting: LHB Josiah Leath
|
0-0: Foul Ball, location: 2F 0-1: Ground out U3 (Groundball, 34S, EV 88.1 MPH)
|
Bottom of the 7th over - 3 runs, 3 hits, 1 error, 1 left on base; Connecticut 0 - Tri-City 6 |
TOP OF THE 8TH |
Connecticut Tigers batting - Pitching for Tri-City ValleyCats : LHP Mike Cobb
|
Pitching: LHP Andy Ras
|
|
Batting: LHB Miguel Bojorquez
|
0-0: Ball 1-0: Fly out, F7 (Flyball, 78D, EV 110.6 MPH)
|
Batting: RHB John Welch
|
0-0: Swinging Strike 0-1: Called Strike 0-2: Ball 1-2: Strikes out swinging
|
Batting: LHB Jeff Trapp
|
0-0: Called Strike 0-1: Foul Ball, location: 2F 0-2: TRIPLE (Line Drive, 89XD, EV 111.2 MPH)
|
Batting: LHB Jon Frederick
|
0-0: Ball 1-0: Ball 2-0: Foul Ball, location: 2F 2-1: Foul Ball, location: 2F 2-2: Ball 3-2: Base on Balls
|
Batting: RHB Mike Sebastian
|
0-0: Called Strike 0-1: Foul Ball, location: 2F 0-2: Strikes out looking
|
Top of the 8th over - 0 runs, 1 hit, 0 errors, 2 left on base; Connecticut 0 - Tri-City 6 |
BOTTOM OF THE 8TH |
Tri-City ValleyCats batting - Pitching for Connecticut Tigers : RHP David Esposito
|
Batting: RHB To-wai Chen
|
0-0: Called Strike 0-1: Swinging Strike 0-2: Ball 1-2: Strikes out swinging
|
Batting: LHB Lou Toth
|
0-0: Called Strike 0-1: Ball 1-1: Swinging Strike 1-2: Strikes out swinging
|
Batting: RHB Sam Spohn
|
0-0: Fly out, F8 (Flyball, 89D, EV 94.4 MPH)
|
Bottom of the 8th over - 0 runs, 0 hits, 0 errors, 0 left on base; Connecticut 0 - Tri-City 6 |
TOP OF THE 9TH |
Connecticut Tigers batting - Pitching for Tri-City ValleyCats : LHP Andy Ras
|
Batting: LHB Gabe Mendez
|
0-0: Ground out U3 (Groundball, 3, EV 92.5 MPH)
|
Batting: RHB Eric Blaha
|
0-0: Fly out, F6 (Line Drive, 6, EV 68.8 MPH)
|
Batting: RHB Rocky Hart
|
0-0: SINGLE (Groundball, 56S, EV 72.5 MPH) (infield hit)
|
Batting: RHB Brian Singer
|
0-0: Swinging Strike 0-1: Swinging Strike 0-2: Ball 1-2: Ball 2-2: SINGLE (Groundball, 56S, EV 99.4 MPH) Rocky Hart to second
|
Batting: LHB Miguel Bojorquez
|
0-0: Fielders Choice at 2nd, 6-4 (Groundball, 6, EV 80.0 MPH)
|
Top of the 9th over - 0 runs, 2 hits, 0 errors, 2 left on base; Connecticut 0 - Tri-City 6 |
|